[Event "Open Nuevo Centro. Jornada 1"]
[Site "Chess.com"]
[Date "2020.06.19"]
[Round "7"]
[White "Rabbani Perez, Oumaima "]
[Black "Furio Martinez, Francisco"]
[Result "1-0"]
[WhiteElo "732"]
[BlackElo "645"]
[TimeControl "180+2"]
[EndTime "11:52:21 PDT"]
[Termination "Victoria de OumaimaMaria por tiempo"]

1. e3 d5 2. d4 e6 3. Bb5+ Nd7 4. Nc3 Nf6 5. Nf3 Be7 6. Na4 O-O 7. Nc5 Nxc5 8. dxc5 Bxc5 9. Ne5 b6 10. Bc6 Rb8 11.
e4 Bb7 12. Bxb7 Rxb7 13. exd5 exd5 14. Ng4 Nxg4 15. Qxg4 d4 16. Kd1 Rb8 17. Re1 Rc8 18. Qh5 g6 19. Qh6 Be7 20. Re4 Bg5 21. Qh3 Bxc1 22. Rxc1 Re8 23. Qh6 Rxe4 24. Kd2 d3 25.
cxd3 Rh4 26. Qe3 c5 27. g3 Rd4 28. Re1 Ra4 29. Qh6 Rxa2 30. Re4 Rxb2+ 31. Kc3 Rxf2 32. Rh4 Re2 33. Qxh7+ Kf8 34. Qh8+ Ke7 35. Qg7 Kd6 36. Qxf7 Re7 37. Qxg6+ Re6 38. Qe4 Qe8 39. Qh7 Kd5 40. d4 cxd4+ 41. Kd3 Re3+ 42. Kd2 d3 43. Kd1 d2 44.
Rh5+ Kd6 45. Qh6+ Kd7 46. Qh7+ Ke6 47. Qh6+ Kd7 48. Qh7+ Kc6 49. Qh6+ 1

[Event "Open Nuevo Centro. Jornada 1"]
[Site "Chess.com"]
[Date "2020.06.19"]
[Round "7"]
[White "Ferrando Lacruz, Nicol�s "]
[Black "Birnoveanu, Petru"]
[Result "1-0"]
[WhiteElo "1391"]
[BlackElo "1541"]
[TimeControl "180+2"]
[EndTime "11:52:26 PDT"]
[Termination "Victoria de Nicolasvlc por tiempo"]

1. d4 g6 2. Bf4 Bg7 3. Nf3 d6 4.
e3 Nd7 5. Bd3 b6 6. c3 Bb7 7.
Nbd2 Ngf6 8. Bg5 O-O 9. Bxf6 Bxf6 10. h4 h5 11. Ne4 Bg7 12. Neg5 e5 13. dxe5 Nxe5 14.
Nxe5 dxe5 15. Be4 Bxe4 16. Nxe4 Qe7 17. g4 Rad8 18. gxh5 Rxd1+ 19. Rxd1 gxh5 20. Rg1 Kh8 21. Rg5 Rd8 22. Rxh5+ Kg8 23. Rxd8+ Qxd8 24. b4 Qd3 25. Ng3 Qxc3+ 26. Kf1 Qa1+ 27. Kg2 Qxa2 28. Nf5 Bf6 29. Rh6 Qe6 30. e4 Qc4 31. f3 Qe2+ 32. Kg3 Bd8 33.
h5 c5 34. bxc5 bxc5 35. f4 exf4+ 36. Kxf4 Bc7+ 37. Kg5 Qg2+ 38. Kf6 Bd8+ 39. Ke5 Qh2+ 40. Kd5 Qf4 41. Ra6 Bb6 42. Ra2 c4 43. Rg2+ Kf8 44. h6 c3 45. h7 1

[Event "Open Nuevo Centro. Jornada 1"]
[Site "Chess.com"]
[Date "2020.06.19"]
[Round "7"]
[White "Luque Saiz, Andres"]
[Black "Montesinos Diaz, Luis"]
[Result "1-0"]
[WhiteElo "1903"]
[BlackElo "1923"]
[TimeControl "180+2"]
[EndTime "11:52:38 PDT"]
[Termination "Victoria de Chuch1n por tiempo"]

1. e4 c6 2. d4 d5 3. Nd2 dxe4 4. Nxe4 Bf5 5. Ng3 Bg6 6. N1e2 Nd7 7. Nf4 e5 8. Nxg6 hxg6 9. dxe5 Nxe5 10. Qe2 Qe7 11. Bf4 Nd7 12. O-O-O Qxe2 13. Bxe2 O-O-O 14. Bf3 Ngf6 15.
h3 Bc5 16. Rd2 Nb6 17. Rhd1 Rxd2 18. Rxd2 Rd8 19. Rxd8+ Kxd8 20. Be3 Bxe3+ 21. fxe3 Nbd5 22. Kd2 Ke7 23. c4 Nb6 24. Kd3 Ke6 25. Ne2 Nbd7 26. Nd4+ Kd6 27. Kc3 Nc5 28. b4 Nce4+ 29. Kd3 Nf2+ 30.
Ke2 N2e4 31. Kd3 Nf2+ 32. Kc3 N2e4+ 33. Kc2 Ke5 34. Nb3 Nd6 35. Kd3 Nd7 36. Na5 c5 37. b5 Nb6 38. Nxb7 Nbxc4 39. Nxc5 Nb2+ 40. Kc3 Nbc4 41. Nd3+ Ke6 42. e4 Na3 43. Nc5+ Ke7 44. Kb4 Naxb5 45. e5 Nd4 46. exd6+ Kxd6 47. Ne4+ Ke5 48. Nd2 f5 49. Ka5 g5 50. Bb7 f4 51. Nf3+ Nxf3 52.
Bxf3 Kd4 53. Ka6 Kc3 54. a4 Kb3 55. a5 Kb4 56. Bg4 g6 57. Bd7 f3 58. gxf3 g4 59. hxg4 1

[Event "Open Nuevo Centro. Jornada 1"]
[Site "Chess.com"]
[Date "2020.06.19"]
[Round "7"]
[White "Ursariu, Nikolas Victor"]
[Black "Mart�nez Carvajal, Juan Francisco"]
[Result "0-1"]
[WhiteElo "1305"]
[BlackElo "1744"]
[TimeControl "180+2"]
[EndTime "11:52:47 PDT"]
[Termination "Victoria de JuanFcoMtnezCarvajal por jaque mate"]

1. e4 c5 2. Nf3 Nc6 3. c4 d6 4.
Nc3 g6 5. d4 cxd4 6. Nxd4 Bg7 7.
Nxc6 bxc6 8. Bd2 Nf6 9. g3 O-O 10. Bg2 Rb8 11. Rb1 Be6 12. Qe2 Ng4 13. O-O Ne5 14. Bf4 Nxc4 15. Rfd1 Ne5 16. Bxe5 Bxe5 17. Qd2 Qa5 18. Ne2 Qxa2 19. Qc1 c5 20. Nc3 Bxc3 21. bxc3 Rxb1 22. Qxb1 Qxb1 23. Rxb1 Bc4 24. Rb7 a5 25. Rxe7 a4 26. Ra7 Bb3 27. Kf1 Rd8 28. Ke2 Kg7 29. Kd2 Kf6 30. Kc1 h5 31. Kb2 Ke6 32. Ka3 f5 33. Ra6 Ke5 34. exf5 gxf5 35. Ra5 Ke6 36. Ra6 c4 37. Bf3 h4 38. Bg2 hxg3 39. hxg3 Rh8 40.
Bc6 Rh2 41. Bb7 Rxf2 42. Bc8+ Ke5 43. Ra5+ d5 44. Bxf5 Kxf5 45. Rxd5+ Kg4 46. Rc5 Kxg3 47. Rb5 Kf3 48. Rf5+ Ke2 49. Rxf2+ Kxf2 50. Kb4 Ke2 51. Ka3 Kd2 52. Kb4 Kc2 53. Ka3 Kb1 54. Kb4 Kb2 55.
Kb5 Kxc3 56. Ka5 a3 57. Kb5 a2 58. Kc5 a1=Q 59. Kd5 Qa5+ 60. Ke4 Bc2+ 61. Kf3 Kd3 62. Kf2 Qf5+ 63. Kg2 Qg4+ 64. Kh2 Ke2 65. Kh1 Be4+ 66. Kh2 Qg2# 0

[Event "Open Nuevo Centro. Jornada 1"]
[Site "Chess.com"]
[Date "2020.06.19"]
[Round "7"]
[White "Donate Peris, Jose Manuel"]
[Black "Rodriguez, Mathias"]
[Result "1-0"]
[WhiteElo "1614"]
[BlackElo "1972"]
[TimeControl "180+2"]
[EndTime "11:52:55 PDT"]
[Termination "Victoria de cheryme por jaque mate"]

1. d4 Nf6 2. c4 g6 3. Nc3 d5 4. cxd5 Nxd5 5. e4 Nxc3 6. bxc3 Bg7 7. Nf3 O-O 8. Be2 c5 9. O-O Bg4 10. Be3 Nc6 11. d5 Bxf3 12. Bxf3 Ne5 13. Be2 b6 14. Rc1 Rc8 15. c4 f5 16. f4 Nf7 17. e5 h6 18. h4 a6 19. a4 Rb8 20. Rb1 Qc7 21. Qc2 Rfd8 22. Rfe1 b5 23. axb5 axb5 24. cxb5 Rxd5 25. Bf3 Rdd8 26. Qxc5 Qd7 27. Red1 Qe8 28. Rxd8 Rxd8 29. Bc6 Qf8 30. b6 e6 31. Qxf8+ Bxf8 32. b7 Rb8 33. Bd7 Nd8 34. Ba7 Rxb7 35. Rxb7 Nxb7 36. Bxe6+ Kg7 37. Bd5 Bc5+ 38. Bxc5 Nxc5 39.
Kh2 Kf8 40. Kh3 Nd3 41. g3 Ke7 42. h5 g5 43. fxg5 hxg5 44. g4 f4 45. h6 Nf2+ 46.
Kg2 Nxg4 47. h7 Ne3+ 48. Kf3 Nxd5 49. h8=Q Nc7 50. Qg7+ Kd8 51. Qxg5+ Kc8 52. Qxf4 Kd7 53. Qf6 Ne6 54. Ke4 Nc7 55. Qd6+ Kc8 56. e6 Kb7 57. e7 Ka8 58. Qd8+ Kb7 59. e8=Q Nxe8 60.
Qxe8 Ka7 61. Qb5 Ka8 62. Kd5 Ka7 63. Kc6 Ka8 64. Qb7# 1

[Event "Open Nuevo Centro. Jornada 1"]
[Site "Chess.com"]
[Date "2020.06.19"]
[Round "7"]
[White "Alegre Romaguera, Francesc"]
[Black "Saiz Sapena, Veronica"]
[Result "1-0"]
[WhiteElo "1264"]
[BlackElo "1556"]
[TimeControl "180+2"]
[EndTime "11:53:11 PDT"]
[Termination "Victoria de Francesc_08 por jaque mate"]

1. e4 c6 2. Nf3 d5 3. Nc3 dxe4 4. Nxe4 Bf5 5. Ng3 Bg6 6. h4 h6 7. Ne5 Bh7 8. Qh5 g6 9. Qf3 Qd5 10. Qxd5 cxd5 11. Bb5+ Kd8 12. Nxf7+ Kc7 13. Nxh8 a6 14. Be8 Bg7 15. Bxg6 Bxg6 16. Nxg6 Nd7 17. Nf5 Bf6 18. O-O e6 19. Ng3 Re8 20. Re1 Kd6 21. d3 Ne7 22. Bf4+ Kc6 23. Ne5+ Nxe5 24. Bxe5 Bxh4 25.
Bg7 Bxg3 26. fxg3 Nf5 27. Be5 Rg8 28. Bf4 h5 29. Rxe6+ Kd7 30. Re5 Ne7 31. Rxd5+ Nxd5 32. c4 Nb4 33. a3 Nxd3 34. Rd1 Kc6 35. Rxd3 b5 36.
Rd6+ Kb7 37. cxb5 axb5 38. Rd5 Re8 39. Rxb5+ Kc6 40. Rxh5 Re1+ 41. Kf2 Rb1 42. b4 Rb2+ 43. Ke1 Rxg2 44. Rc5+ Kb7 45. a4 Ra2 46. a5 Ra4 47.
Rc4 Ka6 48. Kd2 Kb7 49. Kc2 Ra2+ 50. Kb3 Ra1 51. Rc2 Rb1+ 52. Rb2 Rd1 53. Rd2 Rb1+ 54. Rb2 Rf1 55. Kc3 Rf3+ 56. Kd2 Ra3 57. g4 Rf3 58.
Be3 Rg3 59. g5 Rg2+ 60. Kc3 Rg4 61. Rf2 Kc6 62. Rf4 Rg3 63. Rc4+ Kb5 64. Kd3 Ka4 65.
a6 Kb5 66. a7 Rg2 67. a8=Q Rxg5 68. Qa5# 1

[Event "Open Nuevo Centro. Jornada 1"]
[Site "Chess.com"]
[Date "2020.06.19"]
[Round "7"]
[White "Roca Cruz, Rafael"]
[Black "Movsisyan, Tigran"]
[Result "1-0"]
[WhiteElo "1686"]
[BlackElo "1873"]
[TimeControl "180+2"]
[EndTime "11:53:29 PDT"]
[Termination "Victoria de RafaRocaCruz por abandono"]

1. d4 d5 2. c4 e6 3. Nc3 Be7 4.
Qc2 Nf6 5. Bg5 O-O 6. cxd5 exd5 7. e3 c6 8. Bd3 Nbd7 9. Nge2 h6 10. Bh4 b6 11.
O-O Bb7 12. Rae1 Rc8 13. f3 c5 14. Bf5 Re8 15. Nb5 cxd4 16. Qb3 Nc5 17. Qd1 Ra8 18. exd4 Ba6 19. Nbc3 Nb7 20. Bb1 Bb4 21. Rf2 Bd6 22. Qc2 g6 23. Qd2 Kg7 24. Nc1 Rxe1+ 25. Qxe1 Qe7 26.
Bxf6+ Qxf6 27. Nxd5 Qxd4 28. Be4 Bc5 29. Nb3 Qxf2+ 30.
Qxf2 Bxf2+ 31. Kxf2 Nc5 32. Bc2 Re8 33. Nd4 Ne6 34.
Nc7 Nxc7 35. Bb3 Nb5 36. Nc6 Nd4 37. Nxd4 Rd8 38. Ke3 f5 39. Ne6+ Kf6 40. Nxd8 Bf1 41.
g3 Bb5 42. a4 Bd7 43. Bc4 Ke7 44. Nb7 Bc6 45. Ba6 Kd7 46. Bb5 Kc7 47. Bxc6 Kxc6 48.
Nd8+ Kd7 49. Nf7 h5 50. Ne5+ Ke6 51. f4 Kd5 52. Kd3 g5 53. b4 gxf4 54. gxf4 a5 55.
bxa5 bxa5 56. h4 Kc5 57. Kc3 Kd5 58. Ng6 Ke4 59. Kc4 Kf3 60. Kd5 Kg4 61. Ke5 Kf3 62.
Kxf5 Ke3 63. Ke5 Kd3 64. f5 Kc4 65. f6 Kb4 66. f7 Kxa4 67. f8=Q 1

[Event "Open Nuevo Centro. Jornada 1"]
[Site "Chess.com"]
[Date "2020.06.19"]
[Round "7"]
[White "Gil Lopez, Alejandro"]
[Black "Chernikov, Vladimir"]
[Result "0-1"]
[WhiteElo "2038"]
[BlackElo "2244"]
[TimeControl "180+2"]
[EndTime "11:53:46 PDT"]
[Termination "Victoria de isla88 por tiempo"]

1. e4 c5 2. Nf3 Nc6 3. c3 Nf6 4. Qc2 d6 5. d4 cxd4 6. cxd4 g6 7. d5 Nb8 8. Nc3 Bg7 9. Bg5 O-O 10. h4 Bg4 11.
Be2 Nbd7 12. O-O Rc8 13. Rac1 a6 14. Qd2 Nc5 15. Qf4 Bxf3 16. Qxf3 Qb6 17. b3 Qb4 18. h5 h6 19. Bd2 Ncxe4 20. Nxe4 Qxe4 21. hxg6 fxg6 22. Qxe4 Nxe4 23. Be3 Kh7 24. Rc4 Nc3 25. Bd3 Rxc4 26. bxc4 b5 27. cxb5 axb5 28. a3 Ra8 29. Bc1 Rb8 30. Bd2 Nxd5 31. Rb1 Bc3 32. Bxc3 Nxc3 33.
Rb3 Nd5 34. Rxb5 Rxb5 35. Bxb5 Nc3 36. Bc6 Kg7 37. a4 Ne2+ 38. Kf1 Nd4 39. Bb7 Nb3 40.
Ke2 Kf6 41. Bd5 Na5 42. Kd3 Ke5 43. Be4 g5 44. Bg6 d5 45. g3 Kd6 46. f4 gxf4 47. gxf4 e5 48. f5 e4+ 49. Ke3 Ke5 50. Bh7 d4+ 51. Ke2 d3+ 52. Ke1 e3 53. f6 d2+ 54.
Ke2 Kxf6 55. Bc2 Nc4 56. Kd3 Ke5 57. a5 Nxa5 58. Kxe3 Nc4+ 59. Ke2 Kd4 60. Bd1 Kc3 61. Kf3 Nb2 62. Be2 Kd4 63. Kg4 Ke3 64. Bf3 Nd3 65. Kg3 Nf2 66. Bh5 Ne4+ 67. Kh4 Nc3 68. Bd1 Nxd1 69. Kh5 Nf2 0

[Event "Open Nuevo Centro. Jornada 1"]
[Site "Chess.com"]
[Date "2020.06.19"]
[Round "7"]
[White "Salvador Buiza, Victor"]
[Black "Gracia Calvo, Andres"]
[Result "1-0"]
[WhiteElo "1568"]
[BlackElo "1832"]
[TimeControl "180+2"]
[EndTime "11:53:49 PDT"]
[Termination "Victoria de TERROROSCURO666 por jaque mate"]

1. e4 d5 2. exd5 Qxd5 3. Nc3 Qd6 4. d4 Nf6 5. Nf3 Bg4 6. Be2 e6 7. O-O Be7 8. Ne5 Bxe2 9. Nxe2 Nbd7 10. Bf4 Qb6 11.
b3 Rd8 12. c4 c5 13. dxc5 Nxc5 14. Qc2 O-O 15. Be3 Qc7 16. Nf3 b6 17. Rad1 Nce4 18. Bd4 Rd7 19. Be5 Qc8 20. Rxd7 Qxd7 21. Rd1 Qc8 22. Bxf6 Nxf6 23. Ne5 Rd8 24. Nd4 Bc5 25.
Ndc6 Rxd1+ 26. Qxd1 Kf8 27. Nxa7 Qc7 28. Nac6 Ne4 29.
Qd7 Qxd7 30. Nxd7+ Ke8 31. Nxc5 Nxc5 32. Ne5 f6 33. Nc6 Kd7 34. Nb4 Kd6 35. Kf1 Ne4 36. Ke2 f5 37. f3 Nc5 38. Nd3 Nd7 39. Nf4 g5 40. Nd3 e5 41. a3 Nf6 42. b4 e4 43.
fxe4 Nxe4 44. Ke3 Nc3 45. Kd4 Ne2+ 46. Ke3 Nc3 47. h3 h5 48. g3 Ne4 49. h4 gxh4 50. gxh4 Nc3 51. Kf4 Ke6 52. c5 bxc5 53. Nxc5+ Kf6 54.
a4 Nd5+ 55. Kf3 Nxb4 56. a5 Ke5 57. a6 Nc6 58. Nd7+ Ke6 59. Nb8 Ke5 60. Nxc6+ Kd6 61.
a7 Kxc6 62. a8=Q+ Kc7 63. Qh8 Kd6 64. Qxh5 Ke6 65. Kf4 Kd5 66. Qxf5+ Kd4 67. h5 Kc4 68. h6 Kd4 69. h7 Kc4 70. Ke4 Kc3 71. Qc5+ Kd2 72. h8=Q Ke2 73. Qh2+ Kf1 74. Qcg1# 1

[Event "Open Nuevo Centro. Jornada 1"]
[Site "Chess.com"]
[Date "2020.06.19"]
[Round "7"]
[White "Macias Pino, Diego"]
[Black "Lloret Ramis, Juan Jos�"]
[Result "1-0"]
[WhiteElo "2179"]
[BlackElo "1978"]
[TimeControl "180+2"]
[EndTime "11:53:51 PDT"]
[Termination "Victoria de jesuimafe por abandono"]

1. e4 e6 2. d4 d5 3. Nd2 Nf6 4. e5 Ne4 5. Nxe4 dxe4 6. Bc4 a6 7. Ne2 b5 8. Bb3 Bb7 9. O-O c5 10. c3 Nc6 11. Be3 cxd4 12. cxd4 Nb4 13. Bc2 Be7 14. a3 Nxc2 15. Qxc2 Rc8 16. Qb1 O-O 17. Nc3 f5 18. exf6 Bxf6 19. Rd1 Rc4 20. Ne2 Qe8 21. b3 Rc8 22. Ra2 Qg6 23. Rc2 Rxc2 24. Qxc2 Rc8 25. Qb1 Bd5 26. Ng3 Rc3 27. Rc1 Rxc1+ 28.
Qxc1 h6 29. Qc8+ Kh7 30. Qxa6 Qe8 31. b4 Qd7 32. Qb6 Qc8 33. Qc5 Qa6 34. Qc3 Qa4 35.
h3 Qd1+ 36. Kh2 h5 37. Qc1 Qxc1 38. Bxc1 Bxd4 39. Kg1 g6 40. Ne2 Be5 41. Kf1 Kg7 42. Bd2 Bb2 43. Bc3+ Bxc3 44. Nxc3 Bc4+ 45. Ke1 Kf6 46.
Kd2 Ke5 47. Ke3 Bf1 48. g3 Bc4 49. Nxe4 Bd5 50. f4+ Kf5 51. Nd6+ Kf6 52. g4 hxg4 53. hxg4 Bc6 54. g5+ Ke7 55. Ne4 e5 56. Nc5 exf4+ 57. Kxf4 Kd6 58. Ne4+ Ke6 59. Nc3 Kd6 60. Ne2 Kd5 61. Ke3 Kc4 62. Kd2 Kb3 63. Nf4 Be4 64.
Ne6 Kxa3 65. Kc3 Bf5 66. Nc7 Ka4 67. Nd5 Ka3 68. Kd4 Be6 69. Nf4 Bf7 70. Kc5 Be8 71.
Ne6 Kb3 72. Nc7 Bd7 73. Nxb5 Kc2 74. Nd6 Kd3 75. b5 Ke3 76. b6 1

[Event "Open Nuevo Centro. Jornada 1"]
[Site "Chess.com"]
[Date "2020.06.19"]
[Round "7"]
[White "Galiana Ferrer, Oscar"]
[Black "Mart�nez Cuenca, Jose Andr�s"]
[Result "1-0"]
[WhiteElo "957"]
[BlackElo "933"]
[TimeControl "180+2"]
[EndTime "11:54:37 PDT"]
[Termination "Victoria de CavalldeFoc2 por jaque mate"]

1. e4 c5 2. Nc3 g6 3. d4 cxd4 4. Qxd4 Nf6 5. Qd1 Nc6 6. Bg5 Bg7 7. Bxf6 Bxf6 8. Bd3 d6 9. Nf3 Be6 10. O-O O-O 11. a3 Nd4 12. Nxd4 Bxd4 13. Be2 Qb6 14.
Na4 Qd8 15. Qxd4 Qc7 16. Qd1 h5 17. Nc3 Rfd8 18. Nd5 Bxd5 19. exd5 Rac8 20. c3 Qb6 21. Qc2 Qc5 22. Qd2 b5 23. a4 bxa4 24. Rxa4 Rb8 25.
Rc4 Qb6 26. Rb4 Qc7 27. Rxb8 Rxb8 28. b4 Qb7 29. Qe3 a6 30. Ra1 Ra8 31. Qd3 Qb6 32. Rxa6 Rxa6 33. Qxa6 Qxa6 34. Bxa6 Kf8 35. g3 Ke8 36.
Kg2 Kd8 37. Bc4 Kc7 38. Kf3 Kb6 39. Ke3 Kc7 40. Kd3 Kd7 41. h3 e6 42. dxe6+ fxe6 43. f4 Kc6 44. g4 hxg4 45. hxg4 d5 46. Ba2 Kb5 47. c4+ dxc4+ 48. Bxc4+ Kxb4 49. Bxe6 Kc5 50. f5 gxf5 51. gxf5 Kd6 52. Ke4 Ke7 53. Kf4 Kf6 54.
Bc8 Kf7 55. Kg5 Kg7 56. f6+ Kf7 57. Ba6 Kf8 58. Kg6 Kg8 59. f7+ Kf8 60. Bc4 Ke7 61. Kg7 Kd6 62. f8=Q+ Ke5 63. Bd5 Kxd5 64. Qf7+ Ke5 65. Qf6+ Kd5 66. Kg6 Ke4 67. Qf5+ Ke3 68.
Kg5 Kd4 69. Kh4 Ke3 70. Qg4 Kd3 71. Kh3 Ke3 72. Kg2 Kd3 73. Kf2 Kc3 74. Kg3 Kd3 75.
Kh4 Ke3 76. Kg5 Kd3 77. Kf5 Ke3 78. Ke5 Kd3 79. Qf4 Kc3 80. Kd5 Kd3 81. Qf3+ Kd2 82. Kd4 Kc2 83. Ke3 Kb2 84. Kd4 Kc2 85. Qe3 Kb2 86. Kc4 Kc2 87. Qe2+ Kc1 88. Kc3 Kb1 89. Qd2 Ka1 90. Qb2# 1

[Event "Open Nuevo Centro. Jornada 1"]
[Site "Chess.com"]
[Date "2020.06.19"]
[Round "8"]
[White "Rodriguez, Mathias"]
[Black "M�ndez Gim�nez , N�stor Emmanuel"]
[Result "1-0"]
[WhiteElo "1972"]
[BlackElo "1141"]
[TimeControl "180+2"]
[EndTime "11:55:32 PDT"]
[Termination "Victoria de niguil por jaque mate"]

1. e4 e6 2. d4 c5 3. Nc3 Nc6 4. d5 exd5 5. exd5 Nb4 6. f4 Nf6 7. Nf3 Nfxd5 8. Nxd5 Nxd5 9. Qxd5 d6 10. Ng5 f6 11.
Qf7# 1

[Event "Open Nuevo Centro. Jornada 1"]
[Site "Chess.com"]
[Date "2020.06.19"]
[Round "8"]
[White "Granero Roca, Antonio"]
[Black "Clement G�mez, Jos� Antonio"]
[Result "1/2-1/2"]
[WhiteElo "2527"]
[BlackElo "2488"]
[TimeControl "180+2"]
[EndTime "11:55:47 PDT"]
[Termination "Partida en tablas por mutuo acuerdo"]

1. Nf3 Nf6 2. g3 b6 3. Bg2 Bb7 4. O-O c5 5. c4 g6 6. d3 Bg7 7.
Nc3 O-O 8. Bg5 d6 9. Qd2 Nbd7 10. Bh6 Rc8 11. Bxg7 Kxg7 12. a3 e6 13. Rac1 1/2-1

[Event "Open Nuevo Centro. Jornada 1"]
[Site "Chess.com"]
[Date "2020.06.19"]
[Round "8"]
[White "Camison Zornoza, Cesar"]
[Black "Galiana Ferrer, Oscar"]
[Result "1-0"]
[WhiteElo "1393"]
[BlackElo "947"]
[TimeControl "180+2"]
[EndTime "11:56:18 PDT"]
[Termination "Victoria de cczchess2019 por abandono"]

1. e4 e5 2. Nf3 Nc6 3. Nc3 Nf6 4. Nxe5 Nxe5 5. d4 Nc6 6. d5 Ne7 7. e5 Nfg8 8. d6 cxd6 9. exd6 Nf5 10. Nb5 Qb6 11.
Nc7+ Kd8 12. Nxa8 Nxd6 13. Nxb6 1

[Event "Open Nuevo Centro. Jornada 1"]
[Site "Chess.com"]
[Date "2020.06.19"]
[Round "8"]
[White "Donate Moreno, Silvia"]
[Black "Donate Moreno, David"]
[Result "1-0"]
[WhiteElo "1782"]
[BlackElo "1508"]
[TimeControl "180+2"]
[EndTime "11:56:24 PDT"]
[Termination "Victoria de 2camarones por abandono"]

1. e4 c6 2. d4 d5 3. exd5 cxd5 4. Bd3 Nc6 5. c3 Nf6 6. Bf4 Bg4 7. Qb3 Qc8 8. Nd2 e6 9. Ngf3 Bxf3 10. Nxf3 Be7 11. O-O 1

[Event "Open Nuevo Centro. Jornada 1"]
[Site "Chess.com"]
[Date "2020.06.19"]
[Round "8"]
[White "Furio Martinez, Francisco"]
[Black "Mart�nez Cuenca, Adri�n "]
[Result "1/2-1/2"]
[WhiteElo "641"]
[BlackElo "625"]
[TimeControl "180+2"]
[EndTime "11:58:02 PDT"]
[Termination "Partida en tablas por mutuo acuerdo"]

1. d4 d5 2. e3 e6 3. Nf3 f5 4.
Be2 c6 5. O-O g6 6. Nbd2 a6 7.
b3 Be7 8. Bb2 b6 9. Rc1 Nf6 10.
Nc4 dxc4 11. d5 cxd5 12. bxc4 dxc4 13. Bxf6 Bxf6 14. Bxc4 Qxd1 15. Rcxd1 O-O 16. Rd6 1/2-1

[Event "Open Nuevo Centro. Jornada 1"]
[Site "Chess.com"]
[Date "2020.06.19"]
[Round "8"]
[White "Birnoveanu, Petru"]
[Black "Simarro Peir�, Andr�s"]
[Result "1-0"]
[WhiteElo "1542"]
[BlackElo "1046"]
[TimeControl "180+2"]
[EndTime "11:58:09 PDT"]
[Termination "Victoria de piculet por jaque mate"]

1. e4 e5 2. Bc4 Nf6 3. d4 exd4 4. Nf3 Nc6 5. e5 Bb4+ 6. c3 dxc3 7. bxc3 Qe7 8. cxb4 Qxb4+ 9. Nbd2 Qe7 10. O-O Nxe5 11.
Nxe5 Qxe5 12. Re1 Ne4 13. Rxe4 Qxe4 14. Nxe4 f5 15. Ng5 h6 16. Qe2+ Kf8 17. Qh5 g6 18. Qxg6 Ke7 19. Qg7+ Kd6 20. Ba3+ Kc6 21. Qxh8 Kb6 22.
Qf6+ d6 23. Qxh6 c5 24. Qxd6+ Ka5 25. Qxc5+ Ka4 26. Qb4# 1

[Event "Open Nuevo Centro. Jornada 1"]
[Site "Chess.com"]
[Date "2020.06.19"]
[Round "8"]
[White "Aymerich Rosell, Pablo"]
[Black "Salvador Buiza, Victor"]
[Result "1-0"]
[WhiteElo "1994"]
[BlackElo "1566"]
[TimeControl "180+2"]
[EndTime "11:59:17 PDT"]
[Termination "Victoria de jasikevic por jaque mate"]

1. d4 d5 2. Nf3 Nf6 3. g3 Bf5 4. Bg2 e6 5. O-O Bd6 6. b3 O-O 7. Bb2 c5 8. dxc5 Bxc5 9. a3 Nc6 10. b4 Bd6 11. Nbd2 a6 12. c4 dxc4 13. Nxc4 Bc7 14.
Qxd8 Raxd8 15. Rfd1 Nd5 16. Nd4 Nxd4 17. Bxd4 f6 18.
e4 e5 19. Bb2 Bxe4 20. Bxe4 Nb6 21. Nxb6 Bxb6 22. Bxb7 Bd4 23. Bxd4 exd4 24. Bxa6 Rd6 25. Bc4+ Kh8 26. Rd3 Rc8 27. Bb3 Rc3 28. Rad1 h6 29.
Rxc3 dxc3 30. Rxd6 c2 31. Bxc2 g5 32. Rd7 f5 33. b5 f4 34. b6 fxg3 35. b7 gxh2+ 36.
Kh1 g4 37. b8=Q# 1

[Event "Open Nuevo Centro. Jornada 1"]
[Site "Chess.com"]
[Date "2020.06.19"]
[Round "8"]
[White "Bosch Jord�, Ricard"]
[Black "Aguado, Pablo Luis"]
[Result "0-1"]
[WhiteElo "1622"]
[BlackElo "1560"]
[TimeControl "180+2"]
[EndTime "11:59:33 PDT"]
[Termination "Victoria de PLAD_2006 por abandono"]

1. e4 e5 2. Nf3 Nf6 3. Nc3 Bb4 4. Bc4 O-O 5. d3 c6 6. h3 d5 7. exd5 cxd5 8. Bb3 d4 9. a3 Ba5 10. O-O dxc3 11. bxc3 Bxc3 12. Rb1 Nc6 13. Bg5 h6 14. Bh4 e4 15. Nd2 exd3 16. Ne4 Be5 17. cxd3 Bf5 18. f4 Bd4+ 19. Kh1 Qc7 20. Nxf6+ Bxf6 21. Bxf6 gxf6 22. Qh5 Bxd3 23. Qg6+ Bxg6 0

[Event "Open Nuevo Centro. Jornada 1"]
[Site "Chess.com"]
[Date "2020.06.19"]
[Round "8"]
[White "Gimenez Sanchis, Jose Antonio"]
[Black "Perrot, Fabien "]
[Result "1-0"]
[WhiteElo "1422"]
[BlackElo "980"]
[TimeControl "180+2"]
[EndTime "11:59:35 PDT"]
[Termination "Victoria de migesoj por abandono"]

1. c4 Nf6 2. Nc3 e5 3. g3 Be7 4.
Bg2 O-O 5. d3 c6 6. Nf3 d5 7.
cxd5 Nxd5 8. Nxe5 f6 9. Nf3 Bb4 10. Bd2 Be6 11. O-O Re8 12. a3 Nxc3 13. bxc3 Bf8 14.
a4 a5 15. Rb1 b6 16. c4 Nd7 17. Be3 Rb8 18. Nd4 Qc7 19. Nxc6 Rbc8 20. Nd4 Bf7 21. Nb5 Qb7 22. Bxb7 1

[Event "Open Nuevo Centro. Jornada 1"]
[Site "Chess.com"]
[Date "2020.06.19"]
[Round "8"]
[White "Lloret Ramis, Juan Jos�"]
[Black "Zamora Soler, Raul"]
[Result "1-0"]
[WhiteElo "1982"]
[BlackElo "1755"]
[TimeControl "180+2"]
[EndTime "12:00:01 PDT"]
[Termination "Victoria de Amiplim por jaque mate"]

1. c4 c5 2. Nc3 Nc6 3. Nf3 g6 4. g3 Bg7 5. Bg2 d6 6. O-O e5 7.
e3 Nge7 8. d4 exd4 9. exd4 Nxd4 10. Nxd4 Bxd4 11. Nb5 Nf5 12. g4 a6 13. Re1+ Kf8 14.
Nxd4 Nxd4 15. Bh6+ Kg8 16. Qd2 Bxg4 17. Qf4 Bf5 18.
Bg5 f6 19. Bd5+ Ne6 20. Rxe6 Bxe6 21. Bxe6+ Kf8 22. Bxf6 Qb6 23. Bg5+ Ke8 24. Qf7# 1

[Event "Open Nuevo Centro. Jornada 1"]
[Site "Chess.com"]
[Date "2020.06.19"]
[Round "8"]
[White "Yatseta Fernandez, Marc Kazymyr"]
[Black "Hern�ndez Tom�s, Efr�n"]
[Result "1-0"]
[WhiteElo "1396"]
[BlackElo "971"]
[TimeControl "180+2"]
[EndTime "12:00:11 PDT"]
[Termination "Victoria de K_73 por abandono"]

1. d4 d5 2. c4 e6 3. g3 Nf6 4. Bg2 Bb4+ 5. Bd2 Bxd2+ 6. Nxd2 O-O 7. Ngf3 b6 8. O-O Nc6 9. Rc1 Bb7 10. Re1 Nb4 11.
a3 Nc6 12. b4 Ne4 13. Nxe4 dxe4 14. Nd2 Nxd4 15. Nxe4 Bxe4 16. Bxe4 f5 17. Bxa8 Qxa8 18. Qxd4 Rd8 19. Qe5 Qc6 20. Red1 Rxd1+ 21. Rxd1 Kf7 22. c5 bxc5 23. Qxc5 Qa4 24. Qxc7+ Kf6 25. Qc3+ Kg6 26. Rd6 Qb5 27. Rxe6+ Kf7 28. Rc6 Qxe2 29. Qc4+ Kf8 30. Qxe2 1

[Event "Open Nuevo Centro. Jornada 1"]
[Site "Chess.com"]
[Date "2020.06.19"]
[Round "8"]
[White "Yeste Campos, Manuel"]
[Black "Serradilla Revert, Rodrigo"]
[Result "1-0"]
[WhiteElo "909"]
[BlackElo "612"]
[TimeControl "180+2"]
[EndTime "12:00:26 PDT"]
[Termination "Victoria de Manuel_Yeste por abandono"]

1. e4 e5 2. Nf3 f6 3. Nxe5 d6 4. Nf3 c6 5. d4 Qa5+ 6. Bd2 Qd8 7. Nc3 d5 8. exd5 cxd5 9. Bd3 Bd6 10. O-O Nh6 11.
Nxd5 O-O 12. Bxh6 gxh6 13. Qd2 h5 14. Qh6 Qd7 15. Rfe1 Kh8 16. Nxf6 Bf4 17. Nxd7 Bxh6 18. Nxf8 Bxf8 19. Re8 Nd7 20. Bf5 Nf6 21. Rxf8+ Kg7 22. Rd8 b6 23. Bxc8 Rxc8 24. Rxc8 Ne4 25. Re8 Nc5 26. Re7+ Kf6 27. Rxa7 Ne6 28. d5 Nd4 1

[Event "Open Nuevo Centro. Jornada 1"]
[Site "Chess.com"]
[Date "2020.06.19"]
[Round "8"]
[White "Amor�s P�rez, Manuel David"]
[Black "Alegre Romaguera, Francesc"]
[Result "1-0"]
[WhiteElo "1658"]
[BlackElo "1259"]
[TimeControl "180+2"]
[EndTime "12:00:50 PDT"]
[Termination "Victoria de mpad1984 por jaque mate"]

1. e4 c5 2. Nf3 d6 3. d4 cxd4 4. Nxd4 Nf6 5. Nc3 a6 6. Nf3 e5 7. Bg5 Be7 8. Be2 O-O 9. O-O Nbd7 10. Qd2 b5 11. a3 Bb7 12. Bxf6 Nxf6 13. Bd3 Qc7 14.
Rfe1 Rfd8 15. Rad1 Rac8 16. Bf1 Qc5 17. Rc1 d5 18.
exd5 Nxd5 19. Nxd5 Rxd5 20. Qe2 Bf6 21. c3 Re8 22.
Nd2 Qc6 23. Ne4 Re6 24. f3 Bh4 25. Red1 Rxd1 26. Rxd1 Qb6+ 27. Kh1 Bxe4 28. Qxe4 Bf6 29. Qa8+ Bd8 30. Rxd8+ Qxd8 31. Qxd8+ Re8 32. Qxe8# 1